 Dungeon Crawl Stone Soup version 0.32-a0-685-g93135e86f0 (webtiles) character file.

Game seed: 2657631973796184386

851 McSplat the Ruffian (level 7, 0/71 HPs)
             Began as a Troll Fighter on Mar 11, 2024.
             Was an Initiate of Gozag.
             Slain by a lemure (7 damage)
             ... led by Pikel
             ... on level 5 of the Dungeon on Mar 13, 2024.
             The game lasted 00:09:42 (2671 turns).

McSplat the Ruffian (Troll Fighter)                 Turns: 2671, Time: 00:09:43

Health: 0/71       AC:  4    Str: 27    XL:     7   Next: 69%
Magic:  6/6        EV:  9    Int:  4    God:    Gozag
Gold:   256        SH:  8    Dex:  9    Spells: 6/6 levels left

rFire   . .          .
                       - Unarmed
rCold   . . .        b - +0 kite shield
rNeg    . . .        a - +0 robe
rPois   .            (helmet restricted)
rElec   .            (no cloak)
rCorr   .            (gloves unavailable)
SInv    .            (boots unavailable)
Will    .....        (no amulet) Stlth
                     (no ring)
HPRegen 1.11/turn    (no ring)
MPRegen 0.10/turn

%: no passive effects
@: silenced, gold aura, hasted and slowed
A: large, unfitting armour, claws 3, regeneration 1, shaggy fur 1, tough skin 1
a: Renounce Religion


You were on level 5 of the Dungeon.
You worshipped Gozag.
Gozag was aware of your devotion.
You visited 1 branch of the dungeon, and saw 5 of its levels.

You collected 287 gold pieces.
You paid 31 gold pieces to Gozag.

Inventory:

Missiles
 g - 6 poisoned darts (quivered)
Armour
 a - a +0 robe (worn)
 b - a +0 kite shield (worn)
Scrolls
 d - 2 scrolls of enchant weapon
 e - a scroll of amnesia
 i - a scroll of vulnerability {unknown}
 m - a scroll of teleportation {unknown}
 p - a scroll of poison {unknown}
Potions
 c - a potion of might
 h - 2 potions of resistance
 j - a potion of cancellation
 k - 2 potions of brilliance
 l - a potion of magic
 o - 2 potions of degeneration {unknown}
 q - 2 potions of attraction {unknown}
 r - a potion of curing {unknown}
 s - 2 potions of heal wounds {unknown}


   Skills:
 + Level 4.3 Fighting
 - Level 2.4 Dodging
 + Level 4.7 Shields
 * Level 6.4 Unarmed Combat


You had 6 spell levels left.
You didn't know any spells.
Your spell library contained the following spells:

 Spells                   Type           Power      Damage    Failure   Level
 Scorch                   Fire           0%         2d5       86%         2
 Flame Wave               Conj/Fire      0%         2d4       100%        4
 Summon Cactus Giant      Summ           0%         N/A       100%        6


Dungeon Overview and Level Annotations

Branches:
Dungeon (5/15)
 Temple: D:4-7

Altars:
Fedhas
Gozag
Uskayaw
The Shining One

Annotations:
D:5 Pikel


Innate Abilities, Weirdness & Mutations

You are too large for most types of armour.
You have claws for hands.
Your natural rate of healing is unusually fast.
You are covered in fur. (AC +1)
You have tough skin. (AC +1)


Message History

You scratch the wraith.
The wraith is lightly damaged.
The wraith hits you!
* * * LOW HITPOINT WARNING * * *
The wraith drains your vigour!
You feel yourself slow down. You block Pikel's attack.
Okay, then.
As you read the scroll labelled INIACI HIEBONT, it crumbles to dust.
A profound silence engulfs you.
It was a scroll of silence.
You block the wraith's attack. Pikel closely misses you. The wraith hits you.
* * * LOW HITPOINT WARNING * * *
Pikel attacks as he pursues you! You block Pikel's attack.
The wraith attacks as it pursues you! The wraith hits you!
* * * LOW HITPOINT WARNING * * *
The wraith drains your vigour!
You feel as though you will be slow longer.
The wraith hits you.
* * * LOW HITPOINT WARNING * * *
Pikel barely misses you. The wraith attacks as it pursues you!
The wraith barely misses you. The wraith misses you.
You scratch the wraith but do no damage.
The wraith is lightly damaged.
The wraith hits you.
* * * LOW HITPOINT WARNING * * *
The wraith drains your vigour!
You feel as though you will be slow longer.
You claw the adder!
You kill the adder!
The wraith hits you.
* * * LOW HITPOINT WARNING * * *
The wraith drains your vigour!
You feel as though you will be slow longer.
You block the wraith's attack.
Unknown command.
Unknown command.
It was a potion of haste.
You feel yourself speed up. The lemure hits you!
You die...
Your body crumbles into a pile of gold.

........####
...........#
............#
............###
.......###....#
.......# ##...#
........#### ##5.#
...........####..#
..........@#.#...#
.........5W5....#
##........K#...##
###...............#
#............#....#
##................#
.......)........###
............#...#
............##..#


You could see Pikel, a wraith and 2 lemures.

Vanquished Creatures
  Sigmund (D:2)
  A black bear (D:5)
  An ogre (D:5)
  2 lemures (D:5)
  2 scorpions
  3 orc priests (D:3)
  A bombardier beetle (D:4)
  A jelly (D:4)
  2 iguanas
  2 orc wizards (D:3)
  5 adders
  2 ribbon worms (D:3)
  13 orcs
  8 ball pythons
  4 endoplasms
  5 giant cockroaches
  9 goblins
  6 hobgoblins
  6 jackals
  5 quokkas
  3 bats
  3 frilled lizards
  5 kobolds
  4 rats
94 creatures vanquished.

Notes
Turn   | Place    | Note
-------+----------+-------------------------------------------
     0 | D:1      | McSplat the Troll Fighter began the quest for the Orb.
     0 | D:1      | Reached XP level 1. HP: 22/22 MP: 0/0
   164 | D:1      | Reached XP level 2. HP: 26/29 MP: 1/1
   990 | D:2      | Noticed Sigmund
  1004 | D:2      | Reached XP level 3. HP: 36/36 MP: 2/2
  1010 | D:2      | Killed Sigmund
  1011 | D:2      | Reached skill level 4 in Unarmed Combat
  1011 | D:2      | Reached XP level 4. HP: 22/45 MP: 3/3
  1011 | D:2      | Reached XP level 5. HP: 26/53 MP: 4/4
  1578 | D:3      | Reached XP level 6. HP: 45/61 MP: 5/5
  1677 | D:3      | Reached skill level 5 in Unarmed Combat
  1722 | D:3      | Found an opulent altar of Gozag.
  1755 | D:3      | Became a worshipper of Gozag Ym Sagoz the Greedy
  1832 | D:3      | Found a glowing golden altar of the Shining One.
  2056 | D:4      | Found a hide-covered altar of Uskayaw.
  2057 | D:4      | Noticed a +3 dagger
  2057 | D:4      | Noticed a +0 dagger
  2132 | D:4      | Found a blossoming altar of Fedhas.
  2234 | D:4      | Reached XP level 7. HP: 62/68 MP: 6/6
  2527 | D:5      | Entered Level 5 of the Dungeon
  2592 | D:5      | Reached skill level 6 in Unarmed Combat
  2646 | D:5      | Noticed a wraith
  2647 | D:5      | Noticed Pikel
  2656 | D:5      | Upgraded the game from 0.32-a0-673-g3729bd50f8 to
                  | 0.32-a0-685-g93135e86f0
  2671 | D:5      | Slain by a lemure

Illustrated notes

Levels and vault maps discovered:
D:1:      amcnicky_arrival_blooded_trapdoor, layout_basic
D:2:      layout_basic, uniq_sigmund
D:3:      layout_rooms, overflow_temple_1_default, tso_oasis_becter
D:4:      layout_cave_pools, dancing_weapons_uskayaw, mainiacjoe_overflow_paths
D:5:      layout_cave_pools, mainiacjoe_overflow_alcove_2, uniq_pikel

Skill      XL: |  1  2  3  4  5  6  7 |
---------------+----------------------+-----
Shields        | 3 4 |  4.7
Fighting       | 3 4 |  4.3
Unarmed Combat | 4 5 6 |  6.4
Dodging        | |  2.4

Action                     |  1- 3 |  4- 6 |  7- 9 || total
---------------------------+-------+-------+-------++-------
  Melee: Unarmed           |    47 |   165 |    34 ||   246
  Throw: Dart              |       |     3 |       ||     3
    Use: Scroll            |       |     4 |     3 ||     7
         Potion            |       |       |     1 ||     1
 Armour: Robe              |    33 |    86 |    31 ||   150
  Dodge: Dodged            |    16 |    50 |    16 ||    82
  Block: Kite shield       |    18 |    54 |    19 ||    91

Table legend: (Time is in decaauts)
 A = Elapsed time spent in this place.
 B = Non-inter-level travel time spent in this place.
 C = Inter-level travel time spent in this place.
 D = Time resting spent in this place.
 E = Time spent auto-exploring this place.
 F = Levels seen in this place.
 G = Mean time per level.
                   A        B        C        D        E       F      G
               +--------+--------+--------+--------+--------+-----+--------+
         Total |   2680 |   2537 |    143 |     24 |   1931 |   5 |  536.0 |
       Dungeon |   2680 |   2537 |    143 |     24 |   1931 |   5 |  536.0 |
               +--------+--------+--------+--------+--------+-----+--------+

Top non-repeatable levels by time:
     D:1: 853 daAuts
     D:2: 631 daAuts
     D:3: 578 daAuts
     D:4: 470 daAuts
     D:5: 147 daAuts
